 Dungeon Crawl Stone Soup version 0.30-a0-1094-g860fb061e7 (webtiles) character file.

Game seed: 6979510929157900267

189 Esekla the Covert (level 5, -1/37 HPs)
             Began as an Octopode Delver on Apr 17, 2023.
             Was an Initiate of Gozag.
             Slain by a jelly (2 damage)
             ... on level 5 of the Dungeon.
             The game lasted 00:13:02 (3009 turns).

Esekla the Covert (Octopode Delver)                 Turns: 3009, Time: 00:13:02

Health: -1/37      AC: -3    Str: 11    XL:     5   Next: 68%
Magic:  7/7        EV: 13    Int: 14    God:    Gozag
Gold:   359        SH:  0    Dex: 14    Spells: 6/6 levels left

rFire   . . .      SeeInvis .    a - +0 falchion
rCold   . . .      Faith    .    (no shield)
rNeg    . . .      Spirit   .    (helmet restricted)
rPois   .          Reflect  .    (no amulet)
rElec   .          Rampage  .    (no ring)
rCorr   .                        (no ring)
Will    .....                    (no ring)
Stlth   +++++                    (no ring)
HPRegen 0.26/turn                (no ring)
MPRegen 0.10/turn                (no ring)
                                 (no ring)
                                 (no ring)

@: corroded, studying Necromancy
A: almost no armour, amphibious, 8 rings, camouflage 1, gelatinous body 1,
(nimble swimmer 1), tentacles
a: Renounce Religion, Potion Petition, Call Merchant, Bribe Branch


You were on level 5 of the Dungeon.
You worshipped Gozag.
Gozag was aware of your devotion.
You visited 2 branches of the dungeon, and saw 6 of its levels.

You collected 367 gold pieces.
You paid 8 gold pieces to Gozag.

Inventory:

Hand Weapons
 a - a +0 falchion (weapon)
 s - a +0 dagger
 t - a +0 spear
Missiles
 c - 5 boomerangs (quivered)
Magical Staves
 r - the staff of cold "Miqib" {rC+ Int+5}
   (You found it on level 3 of the Dungeon)

   [staff of cold]

   Base accuracy: +5 Base damage: 5 Base attack delay: 1.2 This weapon's minimum
   attack delay (0.6) is reached at skill level 12.
   Int:       It affects your intelligence (+5).
   rC:        It protects you from cold.
   It falls into the 'Staves' category.
   It is a one-tentacled weapon.
Wands
 f - a wand of digging (3)
 u - a wand of charming (11)
Scrolls
 b - a scroll of fog
 h - 2 scrolls of identify {unknown}
 l - a scroll of enchant weapon {unknown}
 m - a scroll of magic mapping
 n - 4 scrolls of blinking {unknown}
 v - a scroll of teleportation {unknown}
 w - a scroll of silence {unknown}
Potions
 e - a potion of degeneration {unknown}
 g - a potion of mutation {unknown}
 i - a potion of magic {unknown}
 j - a potion of heal wounds {unknown}
 k - a potion of lignification {unknown}
 o - a potion of ambrosia {unknown}


   Skills:
 * Level 3.6 Fighting
 + Level 0.1(1.9) Short Blades
 * Level 3.1 Long Blades
 * Level 2.7 Dodging
 + Level 8.0 Stealth
 * Level 1.4 Spellcasting


You had 6 spell levels left.
You didn't know any spells.
Your spell library contained the following spells:

 Spells                   Type           Power      Damage    Failure   Level
 Scorch                   Fire           2%         2d5       36%         2
 Flame Wave               Conj/Fire      1%         2d4       94%         4
 Summon Cactus Giant      Summ           0%         N/A       100%        6


Dungeon Overview and Level Annotations

Branches:
Dungeon (5/15)             Temple (1/1) D:5

Altars:
Ashenzari
Cheibriados
Dithmenos
Elyvilon
Fedhas
Gozag
Hepliaklqana
Makhleb
Nemelex Xobeh
Okawaru
Qazlal
Ru
Sif Muna
Trog
Uskayaw
Vehumet
Xom
Yredelemnul
The Shining One

Shops:
D:5 ?

Annotations:
D:4 Natasha


Innate Abilities, Weirdness & Mutations

You cannot wear most types of armour.
You are amphibious.
You can wear up to eight rings at the same time.
Your skin changes colour to match your surroundings (Stealth+).
Your rubbery body absorbs attacks. (AC +1, EV +1)
((You are camouflaged when in or above water. (Stealth+)))
You have tentacles for arms and can constrict up to eight enemies at once.


Message History

You hit the water moccasin.
You kill the water moccasin!
Your Long Blades skill increases to level 3!
Your Stealth skill increases to level 8!
You have reached level 5!
You feel agile.
You now have 359 gold pieces (gained 4).
You start resting.
Your extra speed is starting to run out.
You start resting.
You feel yourself slow down.
You start resting.
Magic restored.
You start resting.
HP restored.
An orc comes into view. It is wielding a +0 hand axe.
Found 6 stones.
An orc comes into view. It is wielding a +0 short sword.
The orc moves out of view.
The jelly quivers.
You barely miss the jelly. The jelly barely misses you.
You hit the jelly but do no damage. The acid corrodes you!
Your tentacles burn!
You squeeze the jelly.
The jelly is lightly wounded.
The jelly hits you.
You are splashed with acid!
You hit the jelly.
Your tentacles burn!
You squeeze the jelly, but do no damage.
The jelly is lightly wounded.
The jelly misses you.
You hit the jelly but do no damage.
Your tentacles burn!
The jelly is lightly wounded.
The jelly closely misses you.
You hit the jelly.
Your tentacles burn!
The jelly is heavily wounded.
The jelly hits you.
* * * LOW HITPOINT WARNING * * *
You are splashed with acid!
* * * LOW HITPOINT WARNING * * *
The jelly hits you.
You die...
Your body crumbles into a pile of gold.

#######.### ##..........
### ##..........
##...##......
##...######... ##...##
##... #.....# ##....
######...#.####.h###
#(..Js...........# *
#..@#.#....#.##..#
***#.#.#.#.##.#.....#
*,..,#...........#..#
#.#*,...##.#.#.#.#..#
#,**,.#....#.#.#...## ***
**,**..#....s.......# *,*
**,,*#....#.#.>.#.##.#
**,*
*,,,,#.##.#.#...#....## #
*,,*
*,,,,*,,......#....#..###


You could see a scorpion and a jelly.

Vanquished Creatures
  A water moccasin (D:5)
  5 adders
  A dart slug (D:4)
  6 endoplasms
  5 goblins
  5 hobgoblins
  A jackal (D:4)
  4 kobolds
  3 quokkas
  3 ball pythons
  A bat (D:1)
  4 rats
39 creatures vanquished.

Notes
Turn   | Place    | Note
-------+----------+-------------------------------------------
     0 | D:5      | Esekla the Octopode Delver began the quest for the Orb.
     0 | D:5      | Reached XP level 1. HP: 16/16 MP: 1/1
    31 | D:5      | Found Saufoj's Magic Scroll Shop.
   127 | D:5      | Noticed a black bear
   153 | D:5      | Noticed a centaur
   154 | D:5      | Noticed a scorpion
   192 | D:5      | Found a staircase to the Ecumenical Temple.
   192 | D:5      | Noticed a jelly
   194 | D:5      | Noticed a water moccasin
   201 | Temple   | Entered the Ecumenical Temple
   201 | Temple   | Found a transporter.
   201 | Temple   | Found a transporter.
   203 | Temple   | Found a transporter.
   203 | Temple   | Found a transporter.
   227 | Temple   | Became a worshipper of Gozag Ym Sagoz the Greedy
   676 | D:5      | Found a sparkling altar of Nemelex Xobeh.
   694 | D:4      | Noticed a black bear
   940 | D:2      | Reached XP level 2. HP: 19/21 MP: 2/2
   943 | D:2      | Reached skill level 7 in Stealth
   944 | D:2      | Reached XP level 3. HP: 15/26 MP: 3/3
  1537 | D:4      | Noticed Natasha
  1920 | D:3      | Reached XP level 4. HP: 27/31 MP: 5/5
  2136 | D:2      | Reached skill level 1 in Spellcasting
  2365 | D:3      | Identified the staff of cold "Miqib" {rC+ Int+5}
  2885 | D:5      | Killed a water moccasin
  2886 | D:5      | Reached skill level 8 in Stealth
  2886 | D:5      | Reached XP level 5. HP: 14/37 MP: 5/7
  3009 | D:5      | HP: 1/37 [acid (9)]
  3009 | D:5      | Slain by a jelly

Illustrated notes

Levels and vault maps discovered:
D:1:      erik_arrival_triangle_medium, layout_basic
D:2:      layout_basic, minmay_tromino_i4
D:3:      mumra_celtic_spiral_tile, layout_basic
D:4:      layout_loops_cross, minmay_manual_mail, uniq_natasha
D:5:      minmay_general_purpose_star, layout_layer_cave,
          nemelex_xobeh_ov_fountains_minmay, minmay_temple_entry_ruins,
          serial_glass, glass_columns_b, glass_columns_a, enter_ossuary_4,
          serial_shops, shop
Temple:   hellmonk_temple_divided_pantheon

Skill      XL: |  1  2  3  4 |
---------------+-------------+-----
Stealth        | 7 8 |  8.0
Spellcasting   | 1 |  1.4
Long Blades    | 3 |  3.1
Fighting       | |  3.6
Short Blades   | |  0.1
Dodging        | |  2.7

Action                     |  1- 3 |  4- 6 || total
---------------------------+-------+-------++-------
  Melee: Falchion          |    36 |    33 ||    69
         Constrict         |     9 |     4 ||    13
         Tentacles         |    10 |     6 ||    16
         Dagger            |       |     5 ||     5
    Use: Potion            |     2 |     2 ||     4
         Scroll            |     2 |     1 ||     3
   Stab: Sleeping          |     9 |     8 ||    17
 Armour: Skin              |       |     3 ||     3
  Dodge: Dodged            |    20 |    20 ||    40

Table legend: (Time is in decaauts)
 A = Elapsed time spent in this place.
 B = Non-inter-level travel time spent in this place.
 C = Inter-level travel time spent in this place.
 D = Time resting spent in this place.
 E = Time spent auto-exploring this place.
 F = Levels seen in this place.
 G = Mean time per level.
                   A        B        C        D        E       F      G
               +--------+--------+--------+--------+--------+-----+--------+
         Total |   2973 |   2879 |     94 |    586 |    562 |   6 |  495.5 |
       Dungeon |   2536 |   2442 |     94 |    186 |    562 |   5 |  507.2 |
        Temple |    436 |    436 |      0 |    400 |      0 |   1 |  436.0 |
               +--------+--------+--------+--------+--------+-----+--------+

Top non-repeatable levels by time:
     D:3: 917 daAuts
     D:2: 831 daAuts
  Temple: 436 daAuts
     D:5: 417 daAuts
     D:4: 206 daAuts
     D:1: 162 daAuts
